 Dungeon Crawl Stone Soup version 0.20.1-1-g8b1a95d (webtiles) character file.

482 heysoserious the Chopper (level 6, 0/57 HPs)
             Began as a Minotaur Berserker on July 17, 2017.
             Was an Elder of Trog.
             Slain by a phantom (9 damage)
             ... on level 4 of the Dungeon.
             The game lasted 00:13:28 (2459 turns).

heysoserious the Chopper (Minotaur Berserker)       Turns: 2459, Time: 00:13:28

Health: 0/57       AC:  3    Str: 24    XL:     6   Next: 87%
Magic:  5/5        EV: 12    Int:  4    God:    Trog [****..]
Gold:   214        SH:  0    Dex:  9    Spells: 5/5 levels left

rFire    + . .     SeeInvis .   a - +0 hand axe
rCold    . . .     Gourm    .   (no shield)
rNeg     + . .     Faith    .   b - +0 animal skin
rPois    .         Spirit   .   (helmet unavailable)
rElec    .         Reflect  .   o - +0 cloak {+Inv}
rCorr    .         Harm     .   (no gloves)
MR       .....                  (no boots)
Stlth    +.........             (no amulet)
Regen    0.2/turn               i - ring of positive energy
MPRegen  0.1/turn               (no ring)

@: berserk cooldown, slowed, very slow
A: retaliatory headbutt, horns 3, talons 1, fire resistance 1
a: Berserk, Trog's Hand, Brothers in Arms, Burn Spellbooks, Renounce Religion,
Evoke Invisibility


You were on level 4 of the Dungeon.
You worshipped Trog.
Trog was greatly pleased with you.
You were hungry.

You visited 1 branch of the dungeon, and saw 4 of its levels.

You collected 214 gold pieces.

Inventory:

Hand Weapons
 a - a +0 hand axe (weapon)
 n - a +2 quarterstaff of chaos
Armour
 b - a +0 animal skin (worn)
 o - a +0 cloak of invisibility (worn)
Jewellery
 f - a cursed ring of loudness {unknown}
 i - a ring of positive energy (left hand)
Wands
 p - a wand of lightning (2/15)
 t - a wand of polymorph (10/24)
Scrolls
 d - a scroll of remove curse
 e - a scroll of teleportation {unknown}
 g - 2 scrolls of random uselessness {unknown}
 k - a scroll of amnesia {unknown}
 q - a scroll of recharging {unknown}
 r - a scroll of enchant armour {unknown}
 s - 2 scrolls of identify
Potions
 h - 2 potions of curing {unknown}
 j - a potion of brilliance {unknown}
 l - a potion of agility {unknown}
 m - a potion of invisibility {unknown}
 u - a potion of berserk rage {unknown}
Comestibles
 c - 3 bread rations
 v - a royal jelly
 w - 9 chunks of flesh


   Skills:
 + Level 6.2 Fighting
 * Level 7.8 Axes
 - Level 2.6 Armour
 - Level 2.3 Dodging


You had 5 spell levels left.
You didn't know any spells.

Dungeon Overview and Level Annotations

Branches:
Dungeon (4/15)
 Temple: D:4-7

Altars:
Nemelex Xobeh


Innate Abilities, Weirdness & Mutations

You reflexively headbutt those who attack you in melee.
You have a pair of large horns on your head.
You have sharp toenails.
Your flesh is heat resistant. (rF+)


Message History

Things that are here:
a flail; a spear The phantom hits you.
* * * LOW HITPOINT WARNING * * *
The phantom closely misses you.
Things that are here:
a whip; 4 chunks of flesh The phantom hits you but does no damage.
You are too injured to fight recklessly!
The adder hisses angrily.
You slash the phantom! Your headbutt misses the phantom.
The phantom is lightly damaged.
The phantom hits you!
* * * LOW HITPOINT WARNING * * *
The phantom hits you.
* * * LOW HITPOINT WARNING * * *
You barely miss the phantom. Your kick misses the phantom.
The phantom is lightly damaged.
The phantom hits you!
You die...

#.# #.##.## ##(
#.# #.###.###.#
..######.# ##...##
#.##...#.#####....
#.#.............##
#รท#.............#
#)#.....#########
#######)##...##
.......@W...####
#######?S........
#.##..#####
#.....# #.#...#
....... ##..#/## .
#.


You could see a phantom and an adder.

Vanquished Creatures
  A sky beast (D:3)
  Blork the orc (D:4)
  Crazy Yiuf (D:2)
  2 orc priests (D:4)
  A worker ant (D:4)
  Robin (D:2)
  6 adders
  4 gnolls (D:4)
  2 oozes
  2 worms (D:2)
  2 dart slugs
  3 leopard geckos
  2 orcs (D:4)
  6 giant cockroaches
  17 goblins
  6 hobgoblins
  3 jackals (D:2)
  11 kobolds
  2 ball pythons (D:3)
  10 bats
  12 frilled lizards
  9 rats
  2 fungi (D:3)
106 creatures vanquished.

Notes
Turn   | Place    | Note
-------+----------+-------------------------------------------
     0 | D:1      | heysoserious the Minotaur Berserker began the quest for the Orb.
     0 | D:1      | Reached XP level 1. HP: 19/19 MP: 0/0
   143 | D:1      | Reached XP level 2. HP: 27/27 MP: 1/1
   175 | D:1      | Reached skill level 4 in Axes
   550 | D:1      | Reached ** piety under Trog
   889 | D:1      | Reached XP level 3. HP: 33/33 MP: 2/2
  1138 | D:2      | Found a sparkling altar of Nemelex Xobeh.
  1185 | D:2      | Reached skill level 5 in Axes
  1391 | D:2      | Reached XP level 4. HP: 41/41 MP: 3/3
  1656 | D:2      | Noticed Robin
  1661 | D:2      | Reached *** piety under Trog
  1671 | D:2      | Killed Robin
  1768 | D:2      | Found a runed door.
  1772 | D:2      | Noticed Crazy Yiuf
  1776 | D:2      | Killed Crazy Yiuf
  1776 | D:2      | Reached skill level 5 in Fighting
  1776 | D:2      | Reached XP level 5. HP: 40/48 MP: 0/4
  1826 | D:3      | Reached skill level 6 in Axes
  1883 | D:3      | Noticed a sky beast
  1896 | D:3      | Killed a sky beast
  1913 | D:3      | Gained mutation: You tend to lose your temper in combat. [mutagenic meat]
  1914 | D:3      | Gained mutation: You have sharp toenails. [mutagenic meat]
  1915 | D:3      | Gained mutation: Your flesh is heat resistant. (rF+) [mutagenic meat]
  1916 | D:3      | Lost mutation: You tend to lose your temper in combat. [mutagenic meat]
  1917 | D:3      | Gained mutation: You have a pair of large horns on your head. [mutagenic meat]
  1960 | D:3      | Reached XP level 6. HP: 42/56 MP: 5/5
  2308 | D:4      | Noticed Blork the orc
  2311 | D:4      | Killed Blork the orc
  2311 | D:4      | Reached skill level 7 in Axes
  2448 | D:4      | Reached **** piety under Trog
  2459 | D:4      | Slain by a phantom

Skill      XL: |  1  2  3  4  5  6 |
---------------+-------------------+-----
Axes           | 4 5 6 7 |  7.8
Fighting       | 4 5 6 |  6.2
Armour         | |  2.6
Dodging        | |  2.3

Action                   |  1- 3 |  4- 6 || total
-------------------------+-------+-------++-------
Melee: Hand axe          |    72 |   114 ||   186
       Headbutt          |    11 |    21 ||    32
       Kick              |       |    20 ||    20
Invok: Berserk           |     1 |     3 ||     4
  Use: Scroll            |     1 |     2 ||     3
       Potion            |     1 |       ||     1
  Eat: Chunk             |     3 |    10 ||    13
Armor: Animal skin       |    19 |    14 ||    33
Dodge: Dodged            |    62 |    48 ||   110
